 Dungeon Crawl Stone Soup version 0.28.0-45-g0d030f2227 (webtiles) character file.

Game seed: 15752063903469235951

106 sanboga the Skirmisher (level 4, 0/29 HPs)
             Began as a Gargoyle Fighter on Apr 18, 2022.
             Slain by a gnoll
             ... wielding a +0 halberd
              (8 damage)
             ... on level 2 of the Dungeon.
             The game lasted 00:04:07 (2572 turns).

sanboga the Skirmisher (Gargoyle Fighter)           Turns: 2572, Time: 00:04:08

Health: 0/29       AC: 11    Str: 21    XL:     4   Next: 84%
Magic:  13/13      EV:  8    Int:  9    God:
Gold:   89         SH:  8    Dex:  9    Spells: 3/3 levels left

rFire   . . .      SeeInvis .   a - +0 war axe
rCold   . . .      Faith    .   g - +0 kite shield
rNeg    + . .      Spirit   .   b - +0 scale mail
rPois   ∞          Reflect  .   (no helmet)
rElec   +          Harm     .   (no cloak)
rCorr   .          Rampage  .   m - +0 pair of gloves
Will    .....                   (no boots)
Stlth   ..........              (no amulet)
HPRegen 0.09/turn               h - ring of magical power
MPRegen 0.13/turn               (no ring)

@: no status effects
A: sickness immunity, AC +3, negative energy resistance 1, electricity
resistance, torment resistance 1, petrification resistance
a: no special abilities


You were on level 2 of the Dungeon.
You visited 1 branch of the dungeon, and saw 3 of its levels.

You collected 89 gold pieces.

Inventory:

Hand Weapons
 a - a +0 war axe (weapon)
Armour
 b - a +0 scale mail (worn)
 g - a +0 kite shield (worn)
 m - a +0 pair of gloves (worn)
Jewellery
 h - a ring of magical power (left hand)
 p - a ring of ice
Scrolls
 c - 2 scrolls of noise {unknown}
 e - 3 scrolls of identify {unknown}
 f - a scroll of teleportation {unknown}
 j - 2 scrolls of fear {unknown}
 k - 2 scrolls of amnesia {unknown}
 l - a scroll of immolation {unknown}
Potions
 d - a potion of might
 i - a potion of mutation {unknown}
 n - a potion of curing {unknown}
 o - a potion of heal wounds {unknown}


   Skills:
 + Level 3.9 Fighting
 * Level 3.1 Axes
 + Level 3.9 Armour
 + Level 3.9 Shields


You had 3 spell levels left.
You didn't know any spells.
Your spell library contained the following spells:

 Spells                   Type           Power      Damage    Failure   Level
 Slow                     Hex            0%         N/A       97%         1
 Blink                    Tloc           0%         N/A       99%         2
 Confusing Touch          Hex            0%         N/A       100%        3
 Lesser Beckoning         Tloc           0%         N/A       100%        3
 Vampiric Draining        Necr           0%         2d6       100%        3
 Manifold Assault         Tloc           0%         N/A       100%        5


Dungeon Overview and Level Annotations

Branches:
Dungeon (3/15)

Altars:
Ashenzari
Fedhas


Innate Abilities, Weirdness & Mutations

You are immune to sickness and miasma.
Your stone body is resilient. (AC +3)
You are immune to poison.
You resist negative energy. (rN+)
You are resistant to electric shocks. (rElec)
You are resistant to unholy torment.
You are immune to petrification.


Message History

An endoplasm comes into view.
The endoplasm quivers.
The endoplasm freezes you.
You are frozen.
You barely miss the gnoll. You slash the endoplasm!
You kill the endoplasm!
The gnoll hits you with a +0 whip.
You slash the gnoll!
The gnoll is severely wounded.
The gnoll barely misses you. The gnoll hits you but does no damage.
The gnoll hits you with a +0 whip.
There is a stone staircase leading up here.
There is a stone staircase leading up here.
The gnoll hits you with a +0 whip. The gnoll hits you but does no damage.
You climb upwards.
There is a stone staircase leading down here.
You hit the gnoll.
The gnoll is severely wounded.
You hit the gnoll. You block the gnoll's attack.
The gnoll hits you with a +0 halberd.
You slash the gnoll!
You kill the gnoll!
You closely miss the gnoll. The gnoll hits you with a +0 halberd!
The gnoll hits you with a +0 halberd.
* * * LOW HITPOINT WARNING * * *
You hit the gnoll.
The gnoll is heavily wounded.
The gnoll barely misses you.
You are too injured to fight recklessly!
You are too injured to fight recklessly!
You barely miss the gnoll.
The gnoll is heavily wounded.
The gnoll closely misses you. The gnoll barely misses you.
You barely miss the gnoll.
The gnoll is heavily wounded.
The gnoll barely misses you.
You hit the gnoll.
The gnoll is severely wounded.
You block the gnoll's attack. The gnoll hits you with a +0 halberd!
You die...

#...######### #.#. #...........#
#.#. ###.........#####.#.
######### ####.........#...#...
........# #............#.#.#.##
........# #.......######.#.#<..
........# #.......# #.#.###.
........#####..)....#### #.#.....
........'...'..g@......# #.######
........#####..........# #.######
........# ####.......# #.......
........# #.......# #######.
........# #####.......#########.
........## #.....................
#.#.#+♣..♣##...###.♣P.♣#####..###
P#..♣♣.PP♣P.P#.##.♣♣.P♣♣♣.###.#
.PP♣..♣♣♣P.♣♣PP♣♣.♣§♣P.♣♣.PP#.#


You could see a gnoll.

Vanquished Creatures
  3 gnolls (D:2)
  An adder (D:2)
  A worm (D:2)
  3 dart slugs
  2 orcs (D:3)
  5 bats
  5 endoplasms
  A giant cockroach (D:3)
  6 goblins
  4 hobgoblins
  3 jackals (D:2)
  8 quokkas
  3 ball pythons
  2 frilled lizards
  2 kobolds
  2 rats (D:1)
51 creatures vanquished.

Vanquished Creatures (others)
  22 plants (D:2)
22 creatures vanquished.

Grand Total: 73 creatures vanquished

Notes
Turn   | Place    | Note
-------+----------+-------------------------------------------
     0 | D:1      | sanboga the Gargoyle Fighter began the quest for the Orb.
     0 | D:1      | Reached XP level 1. HP: 14/14 MP: 1/1
   138 | D:1      | Reached XP level 2. HP: 19/19 MP: 2/2
   826 | D:1      | Reached XP level 3. HP: 19/23 MP: 3/3
  1260 | D:2      | Found a broken altar of Ashenzari.
  1398 | D:2      | Reached XP level 4. HP: 29/29 MP: 4/4
  1614 | D:2      | Found a blossoming altar of Fedhas.
  1902 | D:2      | Identified the +1 ring mail of Cocytus {rPois rN+++ Will-
                  | rCorr}
  2572 | D:2      | Slain by a gnoll

Illustrated notes

Levels and vault maps discovered:
D:1:      amcnicky_arrival_flooded_fountain, layout_loops_ring
D:2:      wad_woods_stonehenge, layout_basic, basic_altar
D:3:      layout_basic

Skill      XL: |  1  2  3  4 |
---------------+-------------+-----
Axes           | 2 3 |  3.1
Fighting       | |  3.9
Armour         | |  3.9
Shields        | |  3.9

Action                   |  1- 3 |  4- 6 || total
-------------------------+-------+-------++-------
Melee: War axe           |   105 |    73 ||   178
 Stab: Distracted        |       |     1 ||     1
Armor: Scale mail        |    66 |    36 ||   102
Dodge: Dodged            |    56 |    25 ||    81
Block: Buckler           |    11 |       ||    11
       Kite shield       |    18 |    22 ||    40
